 Dungeon Crawl Stone Soup version 0.19.5 (webtiles) character file.

166 Kosschaser the Chopper (level 5, -1/46 HPs)
             Began as a Hill Orc Berserker on May 24, 2017.
             Was a Priest of Trog.
             Killed by divine providence
             ... invoked by an orc priest
              (7 damage)
             ... on level 3 of the Dungeon.
             The game lasted 00:08:44 (2163 turns).

Kosschaser the Chopper (Hill Orc Berserker)         Turns: 2163, Time: 00:08:45

Health: -1/46      AC:  4    Str: 21    XL:     5   Next: 47%
Magic:  5/5        EV: 12    Int:  7    God:    Trog [***...]
Gold:   121        SH:  0    Dex: 10    Spells: 0 memorised, 4 levels left

rFire  . . .     SeeInvis .     a - +0 hand axe
rCold  . . .     Gourm    .     h - +0 leather armour
rNeg   + . .     Faith    .     (no shield)
rPois  +         Spirit   .     (no helmet)
rElec  .         Reflect  .     (no cloak)
rCorr  .         Harm     .     (no gloves)
MR     .....                    k - +0 pair of boots
Stlth  +.........               (no amulet)
                                g - ring of poison resistance
                                t - ring of positive energy

@: no status effects
A: no striking features
a: Berserk, Trog's Hand, Burn Spellbooks, Renounce Religion, Convert to Beogh


You were on level 3 of the Dungeon.
You worshipped Trog.
Trog was most pleased with you.
You were not hungry.

You visited 1 branch of the dungeon, and saw 3 of its levels.

You collected 121 gold pieces.

Inventory:

Hand Weapons
 a - a +0 hand axe (weapon)
Armour
 b - a +0 animal skin
 h - a +0 leather armour (worn)
 k - a +0 pair of boots (worn)
Jewellery
 e - an uncursed ring of see invisible
 g - a ring of poison resistance (right hand)
 t - a ring of positive energy (left hand)
Wands
 r - a wand of digging (16/24)
Scrolls
 d - 2 scrolls of remove curse {unknown}
 f - 6 scrolls of identify {unknown}
 i - a scroll of noise {unknown}
 l - a scroll of fear {unknown}
 q - a scroll of teleportation {unknown}
 s - a scroll of recharging {unknown}
Potions
 j - a potion of lignification {unknown}
 m - a potion of heal wounds {unknown}
 o - a potion of degeneration {unknown}
 p - a potion of curing {unknown}
 u - a potion of invisibility {unknown}
Comestibles
 c - a bread ration
 n - a meat ration


   Skills:
 + Level 4.2 Fighting
 + Level 6.4 Axes
 + Level 2.7 Armour
 + Level 2.4 Dodging
 + Level 0.1 Stealth


You had 4 spell levels left.
You didn't know any spells.

Dungeon Overview and Level Annotations

Branches:
Dungeon (3/15)

Altars:


Message History

You hit the hobgoblin.
You kill the hobgoblin!
Trog accepts your kill.
You see here a hobgoblin corpse.
You now have 121 gold pieces (gained 17).
There are no items here.
You see here a hobgoblin corpse.
You butcher the hobgoblin corpse.
v - a chunk of flesh You see here a hobgoblin skeleton.
Eat a chunk of flesh? (ye/n/q)
You start eating the chunk of flesh.
This raw flesh tastes terrible.
The orc priest shouts!
The orc priest zaps a wand.
The bolt of lightning hits you! x2
* * * LOW HITPOINT WARNING * * *
It is a wand of lightning.
The orc priest calls down the wrath of Beogh upon you.
Beogh smites you!
You die...

#..#.....##.......# ..#
#.. #.....##..##..## #..##
.
###..........######..####
#..##.......#......<...#
#.###..................#
#. #..................#
...###..................#
o........####...........#
...(.###).@..............#
..... #..#####.....รท....#
.. ...... #..........# .
......... ############
...o......# ?.........#
##........# #........#


You could see an orc priest.

Vanquished Creatures
  An orc priest (D:3)
  An orc wizard (D:3)
  3 gnolls (D:3)
  An adder (D:2)
  A worm (D:2)
  A dart slug (D:2)
  3 leopard geckos
  2 orcs (D:3)
  3 giant cockroaches
  8 goblins
  11 hobgoblins
  2 jackals (D:3)
  5 kobolds
  5 bats
  5 frilled lizards
  A jackal skeleton (D:3)
  9 rats
62 creatures vanquished.

Notes
Turn   | Place    | Note
-------+----------+-------------------------------------------
     0 | D:1      | Kosschaser the Hill Orc Berserker began the quest for the Orb.
     0 | D:1      | Reached XP level 1. HP: 19/19 MP: 1/1
   146 | D:1      | Reached XP level 2. HP: 22/27 MP: 2/2
   537 | D:1      | Reached XP level 3. HP: 31/33 MP: 3/3
   580 | D:1      | Reached ** piety under Trog
   779 | D:2      | Reached skill level 5 in Axes
  1508 | D:2      | Reached XP level 4. HP: 30/40 MP: 4/4
  1874 | D:3      | Reached skill level 6 in Axes
  1874 | D:3      | Reached XP level 5. HP: 41/46 MP: 5/5
  1965 | D:3      | Reached *** piety under Trog
  2163 | D:3      | Killed from afar by an orc priest

Skill      XL: |  1  2  3  4 |
---------------+-------------+-----
Axes           | 5 6 |  6.4
Fighting       | 4 |  4.2
Dodging        | 2 |  2.4
Armour         | |  2.7
Stealth        | |  0.1

Action                   |  1- 3 |  4- 6 || total
-------------------------+-------+-------++-------
Melee: Hand axe          |   113 |    84 ||   197
Invok: Trog's Hand       |       |     1 ||     1
       Berserk           |       |     1 ||     1
 Stab: Distracted        |       |     1 ||     1
  Eat: Chunk             |     2 |     4 ||     6
Armor: Animal skin       |     2 |       ||     2
       Leather armour    |    17 |    16 ||    33
Dodge: Dodged            |    57 |    47 ||   104
